 Dungeon Crawl Stone Soup version 0.20.0-8-g6b59dc7 (webtiles) character file.

376 KiwiOfAdowableness the Cutter (level 7, -2/36 HPs)
             Began as a Kobold Enchanter on May 31, 2017.
             Slain by a sky beast (6 damage)
             ... on level 5 of the Dungeon.
             The game lasted 00:15:12 (4604 turns).

KiwiOfAdowableness the Cutter (Kobold Enchanter)    Turns: 4604, Time: 00:15:13

Health: -2/36      AC:  5    Str:  5    XL:     7   Next: 3%
Magic:  4/11       EV: 19    Int: 22    God:
Gold:   215        SH:  0    Dex: 15    Spells: 9/12 levels left

rFire    . . .     SeeInvis .   a - +2 dagger
rCold    . . .     Gourm    .   (shield restricted)
rNeg     . . .     Faith    .   b - +0 robe
rPois    .         Spirit   .   t - +1 helmet {Int+3}
rElec    .         Reflect  .   r - +0 cloak
rCorr    .         Harm     .   (no gloves)
MR       .....                  (no boots)
Stlth    +++.......             (no amulet)
Regen    0.2/turn               f - +4 ring of evasion
MPRegen  0.2/turn               (no ring)

@: no status effects
A: carnivore 3
a: no special abilities


You were on level 5 of the Dungeon.
You were not hungry.

You visited 1 branch of the dungeon, and saw 5 of its levels.

You collected 215 gold pieces.

Inventory:

Hand Weapons
 a - a +2 dagger (weapon)
Armour
 b - a +0 robe (worn)
 e - a +0 pair of gloves
 r - a +0 cloak (worn)
 t - a +1 helmet of intelligence (worn)
Jewellery
 f - a +4 ring of evasion (left hand)
 i - the ring "Gura" {rPois Slay+3, unknown}
   (You found it on level 5 of the Dungeon)

   [ring of poison resistance]

   It affects your accuracy and damage with ranged weapons and melee attacks
   (+3).
   It protects you from poison.
 w - an uncursed ring of protection from magic {unknown}
Scrolls
 o - a scroll of remove curse
 q - 2 scrolls of identify
 s - a scroll of teleportation
 x - 2 scrolls of fog {unknown}
Potions
 g - 2 potions of flight
 h - a potion of heal wounds {unknown}
 k - a potion of might {unknown}
 l - 2 potions of agility {unknown}
 m - 2 potions of haste {unknown}
 n - a potion of berserk rage {unknown}
 p - 5 potions of curing
 u - 2 potions of invisibility {unknown}
 v - a potion of cancellation {unknown}
Books
 c - a book of Maledictions

   Spells                             Type                      Level
   a - Corona                         Hexes                        1
   b - Ensorcelled Hibernation        Hexes/Ice                    2
   c - Confuse                        Hexes                        3
   d - Tukima's Dance                 Hexes                        3
   e - Dazzling Spray                 Conjuration/Hexes            3
Comestibles
 d - a meat ration
 j - a royal jelly


   Skills:
 + Level 6.4 Short Blades
 - Level 2.4 Dodging
 - Level 4.0 Stealth
 - Level 3.0 Spellcasting
 - Level 4.3 Hexes
 - Level 2.2 Ice Magic


You had 9 spell levels left.
You knew the following spells:

 Your Spells              Type           Power        Failure   Level  Hunger
a - Corona                Hex            ###....      1%          1    None
b - Ensorcelled Hibernat  Hex/Ice        ###...       4%          2    ##.....


Dungeon Overview and Level Annotations

Branches:
Dungeon (5/15)
 Temple: D:4-7

Altars:
Uskayaw

Annotations:
D:4 Syneil's ghost, novice HuSk
D:5 Grinder


Innate Abilities, Weirdness & Mutations

You are small and have problems with some larger weapons.
You are carnivorous and can eat meat at any time.


Message History

You can't see any susceptible monsters within range! (Use Z to cast anyway.)
Casting: Ensorcelled Hibernation
Confirm with . or Enter, or press ? or * to list all spells.
Aiming: Ensorcelled Hibernation
Press: ? - help, Shift-Dir - straight line Nothing appears to happen.
Something barely misses you.
You miss something. Something hits you. Something shocks you.
You miss something. Something barely misses you.
Casting: Ensorcelled Hibernation
Confirm with . or Enter, or press ? or * to list all spells.
Aiming: Ensorcelled Hibernation
Press: ? - help, Shift-Dir - straight line Nothing appears to happen.
Something hits you but does no damage.
You hit something. You miss something. Something hits you.
Something shocks you.
* * * LOW HITPOINT WARNING * * *
You hit something. Something hits you.
* * * LOW HITPOINT WARNING * * *
Something shocks you.
You die...

#...#.....#####..............#...
###+#.....# #..............#...
###.##....# #..............#.).
.....#....# #..............###)
.....'....# #....####......#...
.....#....# #....# #......#...
###..#....# #....# #......#...
..#'##....#+###...># #......#...
..#..#.........{@..# #......#...
..'..#.........##### #......#...
..####........{ #......###' ....#
####..... #......#... ....#
+..... #......#... ....# #.....
#......#... ....# #.....
#......#... ....# #......####
...... #..........


There were no monsters in sight!

Vanquished Creatures
  2 centaur zombies (D:5)
  2 orc wizards
  Natasha (thrice) (D:2)
  A worker ant (D:4)
  2 gnolls
  5 adders
  A dart slug (D:1)
  3 leopard geckos
  7 orcs
  8 bats
  6 giant cockroaches
  4 goblins
  6 hobgoblins
  6 jackals
  9 kobolds
  2 quokkas
  A ball python (D:3)
  7 frilled lizards
  A leopard gecko skeleton (D:5)
  17 rats
93 creatures vanquished.

Notes
Turn   | Place    | Note
-------+----------+-------------------------------------------
     0 | D:1      | KiwiOfAdowableness the Kobold Enchanter began the quest for the Orb.
     0 | D:1      | Reached XP level 1. HP: 10/10 MP: 3/3
   388 | D:1      | Reached XP level 2. HP: 9/15 MP: 5/5
   495 | D:1      | Learned a level 2 spell: Ensorcelled Hibernation
   620 | D:1      | Reached skill level 2 in Short Blades
   620 | D:1      | Reached XP level 3. HP: 10/19 MP: 0/6
  1307 | D:2      | Noticed Natasha
  1317 | D:2      | Killed Natasha
  1317 | D:2      | Reached skill level 3 in Short Blades
  1317 | D:2      | Reached XP level 4. HP: 15/24 MP: 2/7
  1505 | D:2      | Noticed Natasha
  1542 | D:2      | Killed Natasha
  1542 | D:2      | Reached XP level 5. HP: 24/28 MP: 4/8
  1722 | D:2      | Noticed Natasha
  1729 | D:2      | Killed Natasha
  1729 | D:2      | Reached skill level 4 in Short Blades
  2404 | D:3      | Reached skill level 1 in Ice Magic
  2875 | D:4      | Reached XP level 6. HP: 32/32 MP: 7/10
  3136 | D:4      | Noticed Syneil's ghost (novice HuSk)
  3504 | D:4      | Noticed a hand axe
  3504 | D:4      | Noticed a hand axe
  3505 | D:4      | Found a hide-covered altar of Uskayaw.
  3522 | D:4      | Reached skill level 5 in Short Blades
  3663 | D:5      | Entered Level 5 of the Dungeon
  4112 | D:5      | Noticed Grinder
  4121 | D:5      | Paralysed by Grinder for 2 turns
  4125 | D:5      | Paralysed by Grinder for 7 turns
  4383 | D:5      | Reached skill level 6 in Short Blades
  4511 | D:5      | Got a coiled pewter ring
  4557 | D:5      | Reached XP level 7. HP: 28/36 MP: 9/11
  4604 | D:5      | Slain by a sky beast

Skill      XL: |  1  2  3  4  5  6 |
---------------+-------------------+-----
Short Blades   | 2 3 4 6 |  6.4
Hexes          | 4 |  4.3
Spellcasting   | 3 |  3.0
Ice Magic      | 1 2 |  2.2
Dodging        | |  2.4
Stealth        | |  4.0

Action                   |  1- 3 |  4- 6 |  7- 9 || total
-------------------------+-------+-------+-------++-------
Melee: Dagger            |   107 |   255 |    12 ||   374
 Cast: Ensorcelled Hiber |     6 |    20 |     4 ||    30
       Corona            |       |     1 |       ||     1
  Use: Scroll            |     5 |     7 |       ||    12
       Potion            |       |     1 |       ||     1
 Stab: Sleeping          |    10 |    24 |       ||    34
       Distracted        |       |     1 |       ||     1
  Eat: Chunk             |     1 |       |       ||     1
       Meat ration       |       |     2 |       ||     2
Armor: Robe              |     7 |    23 |     2 ||    32
Dodge: Dodged            |    86 |   206 |     5 ||   297
